 Dungeon Crawl Stone Soup version 0.30-a0-190-g22c9a3c0ff (webtiles) character file.

Game seed: 17957212455853770654

0 910rd the Gusty (level 1, 0/10 HPs)
             Began as a Tengu Air Elementalist on Oct 4, 2022.
             Slain by a quokka (3 damage)
             ... on level 1 of the Dungeon.
             The game lasted 00:01:17 (132 turns).

910rd the Gusty (Tengu Air Elementalist)             Turns: 132, Time: 00:01:18

Health: 0/10       AC:  2    Str:  8    XL:     1   Next: 10%
Magic:  2/4        EV: 12    Int: 15    God:
Gold:   2          SH:  0    Dex: 14    Spells: 3/4 levels left

rFire   . . .      SeeInvis .    (no weapon)
rCold   . . .      Faith    .    (no shield)
rNeg    . . .      Spirit   .    a - +0 robe
rPois   .          Reflect  .    (helmet restricted)
rElec   .          Harm     .    (no cloak)
rCorr   .          Rampage  .    (no gloves)
Will    .....                    (boots unavailable)
Stlth   ++........               (no amulet)
HPRegen 0.21/turn                (no ring)
MPRegen 0.09/turn                (no ring)

@: very slightly contaminated
A: beak, talons 3
a: no special abilities


You were on level 1 of the Dungeon.
You visited 1 branch of the dungeon, and saw 1 of its levels.

You collected 2 gold pieces.

Inventory:

Armour
 a - a +0 robe (worn)
Potions
 b - a potion of magic
 c - 2 potions of might {unknown}


   Skills:
 - Level 2.1 Dodging
 - Level 2.0 Stealth
 - Level 2.0 Spellcasting
 - Level 1.3 Conjurations
 + Level 4.0 Air Magic


You had 3 spell levels left.
You knew the following spells:

 Your Spells              Type           Power      Damage    Failure   Level
a - Shock                 Conj/Air       36%        1d5       8%          1

Your spell library contained the following spells:

 Spells                   Type           Power      Damage    Failure   Level
 Static Discharge         Conj/Air       18%        2-3/arc   11%         2
 Swiftness                Air            13%        N/A       12%         3
 Vhi's Electric Charge    Tloc/Air       14%        N/A       28%         3
 Airstrike                Air            6%         2d(1-17)  38%         4
 Arcjolt                  Conj/Air       4%         1d14      90%         5
 Lightning Bolt           Conj/Air       4%         1d16      90%         5
 Maxwell's Capacitive Co  Air            6%         ∞         100%        8


Dungeon Overview and Level Annotations

Branches:
Dungeon (1/15) Zot: 5867

Altars:


Innate Abilities, Weirdness & Mutations

You have a beak for a mouth.
You have claws for feet.


Message History

You start resting.
Magic restored.
MP restored: 4
Found a whip.
c - 2 white potions
Found a sedimented purple potion.
An endoplasm and 2 kobolds come into view.
Found a stone staircase leading down.
A dart slug comes into view.
Found 5 stones.
A quokka comes into view.
The kobold shouts!
The endoplasm quivers.
The kobold shouts!
The endoplasm jiggles.
The quokka bites you.
* * * LOW HITPOINT WARNING * * *
The quokka bites you.
* * * LOW HITPOINT WARNING * * *
You take 7 damage, and have 3/10 hp.
MASSIVE DAMAGE!!
Casting: Shock (safe; 8% risk of failure)
Confirm with . or Enter, or press ? or * to list all spells.
Aiming: Shock (safe; 8% risk of failure)
Press: ? - help, Shift-Dir - straight line, f - endoplasm
Aim: an endoplasm (97% to hit)
The zap hits the quokka.
The quokka is moderately wounded.
The zap hits the endoplasm.
The endoplasm is lightly wounded.
The quokka completely misses you.
You now have 3/4 mp.
Casting: Shock (safe; 8% risk of failure)
Confirm with . or Enter, or press ? or * to list all spells.
Aiming: Shock (safe; 8% risk of failure)
Press: ? - help, Shift-Dir - straight line, f - kobold, p - endoplasm
Aim: a kobold, wielding a +3 whip (60% to hit)
You miscast Shock.
You are very lightly contaminated with residual magic.
Nothing appears to happen.
The quokka bites you.
You die...

.<.8..♣♣♣♣♣ ..........♣
..........♣♣ ## ...8.......♣ #.
......#####♣ #. .# .....## #. .#
...8## #. .# '''##
#.###########.## ...# #
#.@rJ..#.. .... # ####
#######.#..###K#.###.###.#.
#######.....#.#..#...#.#.....!...
.....................J.JK..)..>#
#######.#.#......#...#.#.#w..#.#
#.......######....^..#.#...#
#...(........#.......#K#.#.#
#......#####.#..........w#(#
#......#.................#.#


You could see an endoplasm, a quokka and a kobold.

Vanquished Creatures
  A ball python (D:1)
1 creature vanquished.

Notes
Turn   | Place    | Note
-------+----------+-------------------------------------------
     0 | D:1      | 910rd the Tengu Air Elementalist began the quest for the
                  | Orb.
     0 | D:1      | Reached XP level 1. HP: 10/10 MP: 4/4
   132 | D:1      | Slain by a quokka

Illustrated notes

Levels and vault maps discovered:
D:1:      kennysheep_arrival_forest, layout_basic

Action                   || total
-------------------------++-------
 Cast: Shock             ||     3
Dodge: Dodged            ||     1

Table legend: (Time is in decaauts)
 A = Elapsed time spent in this place.
 B = Non-inter-level travel time spent in this place.
 C = Inter-level travel time spent in this place.
 D = Time resting spent in this place.
 E = Time spent auto-exploring this place.
 F = Levels seen in this place.
 G = Mean time per level.
                   A        B        C        D        E       F      G
               +--------+--------+--------+--------+--------+-----+--------+
         Total |    132 |    132 |      0 |     13 |     70 |   1 |  132.0 |
       Dungeon |    132 |    132 |      0 |     13 |     70 |   1 |  132.0 |
               +--------+--------+--------+--------+--------+-----+--------+

Top non-repeatable levels by time:
     D:1: 132 daAuts
